 Dungeon Crawl Stone Soup version 0.30.1-11-g7821555f0a (webtiles) character file.

Game seed: 2357848534803986980

11 Peloso the Covered (level 2, 27/27 HPs)
             Began as a Minotaur Fighter on Nov 13, 2023.
             Got out of the dungeon alive.
             The game lasted 00:01:01 (567 turns).

Peloso the Covered (Minotaur Fighter)                Turns: 567, Time: 00:01:02

Health: 27/27      AC:  8    Str: 19    XL:     2   Next: 13%
Magic:  1/1        EV:  8    Int:  9    God:
Gold:   59         SH:  8    Dex:  8    Spells: 1/1 levels left

rFire   . . .        a - +0 long sword
rCold   . . .        d - +0 kite shield
rNeg    . . .        b - +0 scale mail
rPois   .            (helmet restricted)
rElec   .            (no cloak)
rCorr   .            (no gloves)
SInv    .            (no boots)
Will    .....        (no amulet) Stlth
                     (no ring)
HPRegen 0.24/turn    (no ring)
MPRegen 0.07/turn

%: no passive effects
@: no status effects
A: horns 2, retaliatory headbutt, clever 1, shaggy fur 1, MP-powered wands
a: no special abilities


You escaped.
You visited 1 branch of the dungeon, and saw 1 of its levels.

You collected 59 gold pieces.

Inventory:

Hand Weapons
 a - a +0 long sword (weapon)
Armour
 b - a +0 scale mail (worn)
 c - a +0 buckler
 d - a +0 kite shield (worn)
Jewellery
 f - a ring of ice
Scrolls
 g - a scroll of amnesia {unknown}
 i - a scroll of teleportation {unknown}
Potions
 h - a potion of invisibility {unknown}
 j - 3 potions of might


   Skills:
 + Level 3.9 Fighting
 + Level 2.6 Long Blades
 + Level 3.9 Armour
 + Level 3.8 Shields


You had one spell level left.
You didn't know any spells.
Your spell library was empty.

Dungeon Overview and Level Annotations

Branches:
Dungeon (1/15)

Altars:


Innate Abilities, Weirdness & Mutations

You have a pair of horns on your head.
You reflexively headbutt those who attack you in melee.
Your mind is acute. (Int +4, Str/Dex -1)
You are covered in fur. (AC +1)
You expend magic power (3 MP) to strengthen your wands.


Message History

d - 2 potions of might (gained 1)
There is a stone staircase leading down here.
There is a stone staircase leading down here.
A hobgoblin comes into view.
The hobgoblin shouts!
The hobgoblin barely misses you.
You hit the hobgoblin.
The hobgoblin is almost dead.
You block the hobgoblin's attack. The hobgoblin hits you.
You hit the hobgoblin but do no damage. You headbutt the hobgoblin.
You kill the hobgoblin!
d - 3 potions of might (gained 1) Done exploring.
Done exploring.
Done exploring.
Done exploring.
Search for what [? for help]? armour
There is an escape hatch in the floor here.
You see here a +0 kite shield.
You drop 3 potions of might.
You see here a +0 kite shield.
d - a +0 kite shield You see here 3 potions of might.
j - 3 potions of might You start removing your armour.
You continue taking off your +0 buckler. x4
You finish taking off your +0 buckler.
You start putting on your armour.
You continue putting on your +0 kite shield. x5
You finish putting on your +0 kite shield.
It was a potion of mutation.
You feel extremely strange.
You feel your magical essence link to the dungeon's wands.
You feel clever. Fur sprouts all over your body.
(D) Dungeon
Where to? (Enter - D:1 @ (x,y), ? - help)
What level of the Dungeon? (default 1, ? - help)
You see here a +0 club.
There is a staircase leading out of the dungeon here.
Are you sure you want to leave the Dungeon?
This will make you lose the game!
You have escaped!

.............# #.# ##.###...
####.#######.# ####^####..#....
#.# #..#### #.........#.#.#.
##.####..#8.8###....######.#.#.
#.............##.#...........#.
#.............##.##............
##..........8..##.##.##.##...###
#..............8#.##.##.###.##
#..............@#.##.##.# #.#
#..............8#..#.##.###.####
#...........8..##..............#
#.###.##.......##..#.##.###.##.#
#.###.#........##.##..#.###.##..
#.........#8.8###.##.#..........
#.........##### ###.###.##.###..
#.....#..###.# ##.#.###.# #..
#....###.# #.# ### ##.## #.# ##.


There were no monsters in sight!

Vanquished Creatures
  An endoplasm (D:1)
  A hobgoblin (D:1)
  2 kobolds (D:1)
  3 bats (D:1)
  A frilled lizard (D:1)
  2 goblins (D:1)
  A rat (D:1)
11 creatures vanquished.

Notes
Turn   | Place    | Note
-------+----------+-------------------------------------------
     0 | D:1      | Peloso the Minotaur Fighter began the quest for the Orb.
     0 | D:1      | Reached XP level 1. HP: 19/19 MP: 0/0
   181 | D:1      | Reached XP level 2. HP: 23/27 MP: 1/1
   522 | D:1      | Gained mutation: You expend magic power (3 MP) to
                  | strengthen your wands. [potion of mutation]
   522 | D:1      | Gained mutation: Your mind is acute. (Int +4, Str/Dex -1)
                  | [potion of mutation]
   522 | D:1      | Gained mutation: You are covered in fur. (AC +1) [potion of
                  | mutation]
   567 | D:$      | Got out of the dungeon alive.

Illustrated notes

Levels and vault maps discovered:
D:1:      mrwooster_arrival_statue_2, layout_loops_ring

Action                     || total
---------------------------++-------
  Melee: Long sword        ||    22
         Headbutt          ||     2
    Use: Potion            ||     1
 Armour: Scale mail        ||    19
  Dodge: Dodged            ||    10
  Block: Buckler           ||     7
